 Dungeon Crawl Stone Soup version 0.24-a0-274-gb3763e6 (webtiles) character file.

Game seed: 1027919505345706231

171 Ijustatesigmund the Cudgeler (level 5, -5/37 HPs)
             Began as an Octopode Fighter on Apr 26, 2019.
             Killed from afar by Robin (8 damage)
             ... with a puff of flame
             ... on level 3 of the Dungeon.
             The game lasted 00:04:15 (2534 turns).

Ijustatesigmund the Cudgeler (Octopode Fighter)     Turns: 2534, Time: 00:04:16

Health: -5/37      AC:  1    Str: 20    XL:     5   Next: 51%
Magic:  5/5        EV: 11    Int: 11    God:
Gold:   67         SH:  9    Dex: 12    Spells: 4/4 levels left

rFire    . . .     SeeInvis .   a - -3 flail (curse)
rCold    . . .     Gourm    .   b - +0 shield
rNeg     . . .     Faith    .   (helmet restricted)
rPois    .         Spirit   .   (no amulet)
rElec    .         Reflect  .   (no ring)
rCorr    .         Harm     .   (no ring)
MR       .....                  (no ring)
Stlth    ++........             (no ring)
HPRegen  0.12/turn              (no ring)
MPRegen  0.09/turn              (no ring)
                                (no ring)
                                (no ring)

@: mighty
A: almost no armour, stealthy swim, amphibious, 8 rings, constrict 8, camouflage
1, gelatinous body 1
a: no special abilities


You were on level 3 of the Dungeon.
You were not hungry.

You visited 1 branch of the dungeon, and saw 3 of its levels.

You collected 67 gold pieces.

Inventory:

Hand Weapons
 a - a cursed -3 flail (weapon)
 f - a +1 flail
Armour
 b - a +0 shield (worn)
Wands
 m - a wand of enslavement (3)
Scrolls
 g - a scroll of identify
Potions
 c - a potion of might
 e - a potion of haste
 h - 2 potions of lignification {unknown}
 i - a potion of heal wounds {unknown}
 j - a potion of mutation {unknown}
 k - a potion of agility {unknown}
 l - a potion of degeneration {unknown}
Comestibles
 d - 7 rations


   Skills:
 + Level 4.1 Fighting
 * Level 4.7 Maces & Flails
 - Level 3.0 Dodging
 - Level 3.0 Shields


You had 4 spell levels left.
You didn't know any spells.
Your spell library was empty.

Dungeon Overview and Level Annotations

Branches:
Dungeon (3/15)

Altars:
Cheibriados

Annotations:
D:3 Robin


Innate Abilities, Weirdness & Mutations

You cannot wear most types of armour.
You are very stealthy in the water. (Stealth+)
You are amphibious.
You can wear up to eight rings at the same time.
You can use your tentacles to constrict eight enemies at once.
Your skin changes colour to match your surroundings (Stealth+).
Your rubbery body absorbs attacks. (AC +1, EV +1)


Message History

You constrict the hobgoblin. The hobgoblin hits you.
* * * LOW HITPOINT WARNING * * *
The hobgoblin hits you with a +0 club.
* * * LOW HITPOINT WARNING * * *
The goblin misses you.
You thump the hobgoblin!
You kill the hobgoblin!
The hobgoblin barely misses you. The goblin barely misses you.
You block the hobgoblin's attack.
You hit Robin. You grab Robin. You squeeze Robin, but do no damage.
Robin is lightly wounded.
You constrict Robin. You block the goblin's attack.
Robin roars a battlecry!
The hobgoblin goes into a battle-frenzy!
The hobgoblin barely misses you.
You hit Robin.
Robin is heavily wounded.
You constrict Robin. The goblin barely misses you.
Robin zaps a wand.
The puff of flame hits you!
You die...

#######.####
.......<...##
#######.###.#######
.######## #.#
#.......# ........##
#)###.#####.#
.######..## #....##
#.#
.g#g#.####.#.####.####
#..
#..........)gg.......#
##.
##?##.####.#@##.####.#
#. ........g###.#
#.#######.
..##.###..## #.#
#......... #. #.# #..#
#.# #########. #
##.###..####.###### #.
..................# #.
#.##........####.# #.
#.###.####### #.# #.
#.###.###.# #.# #.


You could see Robin, a hobgoblin and a goblin.

Vanquished Creatures
  Ijyb (D:3)
  3 gnolls (D:2)
  2 adders (D:3)
  2 oozes
  2 dart slugs (D:1)
  2 leopard geckos
  An orc (D:3)
  A ball python (D:2)
  2 giant cockroaches
  16 goblins
  10 hobgoblins
  10 jackals
  A quokka (D:3)
  7 bats
  5 frilled lizards
  7 kobolds
  8 rats
80 creatures vanquished.

Notes
Turn   | Place    | Note
-------+----------+-------------------------------------------
     0 | D:1      | Ijustatesigmund the Octopode Fighter began the quest for
                  | the Orb.
     0 | D:1      | Reached XP level 1. HP: 16/16 MP: 1/1
    81 | D:1      | Reached XP level 2. HP: 18/21 MP: 2/2
   522 | D:1      | Reached XP level 3. HP: 24/26 MP: 3/3
   835 | D:1      | Found a snail-covered altar of Cheibriados.
   995 | D:2      | Reached XP level 4. HP: 20/32 MP: 4/4
  2289 | D:3      | Reached XP level 5. HP: 36/37 MP: 5/5
  2340 | D:3      | Noticed Ijyb
  2354 | D:3      | Killed Ijyb
  2455 | D:3      | Noticed Robin
  2534 | D:3      | Killed from afar by Robin

Levels and vault maps discovered:
D:1:      mainiacjoe_arrival_reflecting_pool, layout_basic, cheibriados_altar_1
D:2:      layout_basic
D:3:      layout_loops_ring, uniq_ijyb, uniq_robin

Skill      XL: |  1  2  3  4  5 |
---------------+----------------+-----
Maces & Flails | 3 4 |  4.7
Fighting       | 4 |  4.1
Dodging        | |  3.0
Shields        | |  3.0

Action                   |  1- 3 |  4- 6 || total
-------------------------+-------+-------++-------
Melee: Flail             |    58 |    93 ||   151
       Constrict         |    15 |    30 ||    45
       Tentacles         |    12 |    20 ||    32
  Use: Scroll            |       |     8 ||     8
       Potion            |       |     1 ||     1
 Stab: Sleeping          |     5 |     6 ||    11
  Eat: Chunk             |       |     5 ||     5
Armor: Skin              |     5 |     8 ||    13
Dodge: Dodged            |    25 |    47 ||    72
Block: Shield            |    17 |    43 ||    60

Table legend:
 A = Non-vault XP
 B = Vault XP
 C = Vault XP percentage of total XP
 D = Non-vault monster count
 E = Vault monster count
 F = Vault count percentage of total count
                 A         B        C        D         E       F
            +---------+---------+-------+---------+---------+-------
      Total |     192 |      53 |  21.6 |      70 |      10 |  12.5
            +---------+---------+-------+---------+---------+-------
        D:1 |      54 |       0 |   0.0 |      27 |       0 |   0.0
        D:2 |      77 |       0 |   0.0 |      22 |       0 |   0.0
        D:3 |      61 |      53 |  46.5 |      21 |      10 |  32.3
            +---------+---------+-------+---------+---------+-------
